 Dungeon Crawl Stone Soup version 0.17-a0-1442-g10bb59b (webtiles) character file.

38000 ztt the Cleaver (level 13, -1/119 HPs)
             Began as a Minotaur Fighter on June 27, 2015.
             Was the Champion of Okawaru.
             Killed from afar by a fire drake (15 damage)
             ... with a blast of flame
             ... on level 7 of the Lair of Beasts.
             The game lasted 00:27:23 (12930 turns).

ztt the Cleaver (Minotaur Fighter)                 Turns: 12930, Time: 00:27:23

Health: -1/119     AC: 22    Str: 26    XL:     13   Next: 61%
Magic:  13/13      EV: 10    Int:  5    God:    Okawaru [******]
Gold:   994        SH:  0    Dex: 12    Spells: 1 memorised, 11 levels left

rFire  . . .     SeeInvis .     Q - +1 executioner's axe (flame)
rCold  . . .     Clarity  .     A - +1 plate armour
rNeg   + . .     SustAt   .     (no shield)
rPois  .         Gourm    .     (helmet restricted)
rElec  .         Spirit   .     L - +1 cloak
rCorr  .         Warding  .     P - +0 pair of gloves
rMut   .         Stasis   .     H - +0 pair of boots
MR     .....                    M - amulet of regeneration
Stlth  ..........               I - ring of positive energy
                                D - +2 ring of dexterity

@: not resistant to hostile enchantments, extremely unstealthy
A: retaliatory headbutt, horns 2, breathe flames 1, regeneration 1
a: Heroism, Finesse, Renounce Religion, Breathe Fire


You were on level 7 of the Lair of Beasts.
You worshipped Okawaru.
Okawaru was exalted by your worship.
You were not hungry.

You visited 4 branches of the dungeon, and saw 16 of its levels.

You collected 994 gold pieces.

Inventory:

Hand weapons
 a - a -1 arbalest
 Q - a +1 executioner's axe of flaming (weapon)
 R - a +1 battleaxe of chopping
 Z - the +6 broad axe "Maunwys" {chop, Int+4}
   (Okawaru gifted it to you on level 1 of the Lair of Beasts)

   It inflicts extra damage upon your enemies.
   It affects your intelligence (+4).
Missiles
 m - 83 bolts
 T - 40 bolts of flame
 W - 10 bolts of frost
Armour
 A - a +1 plate armour (worn)
 H - a +0 pair of boots (worn)
 L - a +1 cloak (worn)
 P - a +0 pair of gloves (worn)
Jewellery
 q - an uncursed ring of fire
 s - an uncursed ring of flight
 w - an uncursed ring of stealth
 y - an uncursed ring of protection from cold
 C - an uncursed amulet of warding
 D - a +2 ring of dexterity (left hand)
 E - an uncursed amulet of guardian spirit
 I - a ring of positive energy (right hand)
 M - an amulet of regeneration (around neck)
Magical devices
 b - a wand of teleportation (2)
 l - a wand of paralysis (16)
 v - a wand of teleportation (5)
 x - a wand of flame (33)
 O - a wand of frost (17)
 U - a wand of confusion (26)
Scrolls
 f - 7 scrolls of remove curse
 i - 2 scrolls of magic mapping
 n - 2 scrolls of amnesia
 t - 4 scrolls of enchant armour
 z - 7 scrolls of teleportation
 G - a scroll of fog
 S - 2 scrolls of recharging
Potions
 d - 2 potions of berserk rage
 g - 3 potions of lignification
 h - a potion of cancellation
 j - a potion of agility
 k - a potion of flight
 o - a potion of haste
 u - a potion of ambrosia {unknown}
 B - 3 potions of brilliance
 F - 2 potions of curing
 K - a potion of magic
 N - a potion of cure mutation
Comestibles
 c - 10 fruits
 e - 5 bread rations
 p - 4 meat rations
 r - 7 beef jerkies


   Skills:
 + Level 12.4 Fighting
 + Level 14.0 Axes
 * Level 7.9 Crossbows
 + Level 13.1 Armour
 + Level 4.7 Dodging
 + Level 1.0 Stealth
   Level 13.4 Shields
 + Level 1.4 Invocations


You had 11 spell levels left.
You knew the following spells:

 Your Spells              Type           Power        Failure   Level  Hunger
a - Summon Butterflies    Summ           #.......     100%        1    ##.....


Dungeon Overview and Level Annotations

Branches:
Dungeon (8/15)             Temple (1/1) D:4            Lair (7/8) D:8
 Shoals (1/4) Lair:4       Spider (0/4) Lair:6
  Slime: Lair:6-8

Altars:
Ashenzari
Cheibriados
Dithmenos
Elyvilon
Fedhas
Kikubaaqudgha
Makhleb
Nemelex Xobeh
Okawaru
Qazlal
Ru
Sif Muna
Trog
Vehumet
Xom
Yredelemnul
Zin
The Shining One

Annotations:
D:6 exclusion: oklob plant


Innate Abilities, Weirdness & Mutations

You reflexively headbutt those who attack you in melee.
You have a pair of horns on your head.
You can breathe flames.
Your natural rate of healing is unusually fast.


Message History

You hit the polar bear. You burn the polar bear.
You headbutt the polar bear, but do no damage.
The polar bear is moderately wounded.
The polar bear bites you but does no damage.
The polar bear claws you but does no damage.
The polar bear barely misses you.
You hit the polar bear but do no damage.
The polar bear is moderately wounded.
The polar bear bites you but does no damage.
The polar bear claws you but does no damage. x2
The polar bear bites you!
* * * LOW HITPOINT WARNING * * *
The polar bear closely misses you.
The polar bear claws you but does no damage.
Drink which item? (? for menu, Esc to quit)
Okay, then.
Unknown command.
The fire drake breathes flames at you. The blast of flame hits you!
You die...

......J ... .
#....†##.###.. .
##(†....# ...
##J†.....##...
#..#####......
##.#k....#.....
#..h...†.......
#...#.†.†.#...#
8.....##@8†8.##...
...#..#....†..#...
.>.....#...<......+
..................#
.8.##...#.8.8.......
## #...#.........#.
##...........#>
##......##.##
#..###.. .#


You could see a polar bear, a fire drake and a jelly.

Vanquished Creatures
  Erolcha (D:8)
  Erica (Lair:2)
  7 hydras
  2 death yaks (Lair:7)
  A queen ant (Lair:1)
  Pikel (D:7)
  An orb spider (Lair:6)
  14 elephants
  Maurice (D:8)
  Joseph (D:7)
  2 sirens (Lair:4)
  6 black mambas
  8 spiny frogs
  A fire drake (Lair:7)
  7 komodo dragons
  15 blink frogs
  2 merfolk (Lair:4)
  2 polar bears
  19 yaks
  6 basilisks
  4 hippogriffs
  Eustachio (D:4)
  2 wyverns
  6 wolves (Lair:5)
  Menkaure (D:4)
  14 water moccasins
  4 porcupines
  5 soldier ants (Lair:1)
  9 ice beasts
  An orc warrior (D:8)
  5 centaurs
  7 ogres
  3 sky beasts
  A wasp (Lair:4)
  7 crocodiles
  5 giant frogs
  Blork the orc (D:4)
  5 scorpions
  3 killer bees (D:8)
  An electric eel (Lair:2)
  3 crimson imps (D:6)
  A giant frog zombie (D:5)
  5 orc priests
  A centaur zombie (D:5)
  9 jellies
  3 iguanas
  A giant frog skeleton (D:5)
  A gnoll shaman (D:6)
  4 hounds
  6 orc wizards
  10 worker ants
  14 sheep
  A hound skeleton (D:8)
  A worker ant zombie (D:6)
  3 gnolls (D:6)
  10 adders
  20 river rats
  A shadow imp (D:8)
  11 oozes (D:6)
  4 worms
  An adder skeleton (D:6)
  6 giant geckos
  17 orcs
  8 bats
  4 giant cockroaches
  8 goblins
  11 hobgoblins
  3 jackals (D:5)
  2 quokkas
  7 giant newts
  A jackal zombie (D:8)
  15 kobolds
  13 rats
  2 fungi
  2 plants
392 creatures vanquished.

Vanquished Creatures (others)
  A human (D:2)
  A jelly (Lair:7)
  3 fungi (D:6)
5 creatures vanquished.

Grand Total: 397 creatures vanquished

Notes
Turn   | Place    | Note
--------------------------------------------------------------
     0 | D:1      | ztt the Minotaur Fighter began the quest for the Orb.
     0 | D:1      | Reached XP level 1. HP: 19/19 MP: 0/0
   461 | D:1      | Reached skill level 4 in Fighting
   470 | D:1      | Reached XP level 2. HP: 27/27 MP: 1/1
   835 | D:2      | Reached XP level 3. HP: 29/33 MP: 2/2
   905 | D:2      | Found a bloodstained altar of Trog.
   966 | D:2      | Found an ancient bone altar of Kikubaaqudgha.
   968 | D:2      | Noticed a human
   970 | D:2      | Killed a human
  1772 | D:3      | Found an iron altar of Okawaru.
  1807 | D:3      | Became a worshipper of Warmaster Okawaru
  1823 | D:3      | Reached XP level 4. HP: 39/41 MP: 3/3
  1985 | D:3      | Noticed a centaur
  1995 | D:3      | Killed a centaur
  1995 | D:3      | Reached XP level 5. HP: 32/47 MP: 4/4
  2236 | D:4      | Reached skill level 1 in Dodging
  2278 | D:4      | Reached skill level 5 in Armour
  2291 | D:4      | Noticed an ogre
  2561 | D:4      | Killed an ogre
  2561 | D:4      | Acquired Okawaru's first power
  2561 | D:4      | Reached skill level 5 in Fighting
  2561 | D:4      | Reached skill level 5 in Shields
  2561 | D:4      | Reached XP level 6. HP: 31/56 MP: 5/5
  2882 | D:4      | Noticed Eustachio
  3050 | D:4      | Killed Eustachio
  3050 | D:4      | Reached skill level 6 in Armour
  3059 | D:4      | Found a staircase to the Ecumenical Temple.
  3063 | Temple   | Entered the Ecumenical Temple
  3317 | D:4      | Noticed Menkaure
  3332 | D:4      | Killed Menkaure
  3332 | D:4      | Reached XP level 7. HP: 27/61 MP: 3/6
  3661 | D:4      | Noticed Blork the orc
  3671 | D:4      | Killed Blork the orc
  3763 | D:4      | Noticed an ogre
  3770 | D:4      | Killed an ogre
  3829 | D:4      | Found a stormy altar of Qazlal.
  4229 | D:5      | Entered Level 5 of the Dungeon
  4253 | D:5      | Reached skill level 5 in Axes
  4253 | D:5      | Reached skill level 7 in Armour
  4477 | D:5      | Reached XP level 8. HP: 55/70 MP: 7/7
  4886 | D:5      | Found a glowing golden altar of the Shining One.
  5178 | D:6      | Reached skill level 1 in Stealth
  5231 | D:6      | Found a snail-covered altar of Cheibriados.
  5483 | D:6      | Noticed an oklob plant
  6077 | D:6      | Reached XP level 9. HP: 77/79 MP: 8/8
  6231 | D:7      | Noticed Joseph
  6241 | D:7      | Killed Joseph
  6241 | D:7      | Reached skill level 8 in Shields
  6671 | D:7      | Noticed Pikel
  6684 | D:7      | Killed Pikel
  6684 | D:7      | Reached skill level 9 in Shields
  7044 | D:8      | Found a staircase to the Lair.
  7072 | D:8      | Gained mutation: Your natural rate of healing is unusually fast. [potion of beneficial mutation]
  7073 | D:8      | Gained mutation: You can breathe flames. [potion of beneficial mutation]
  7109 | D:8      | Noticed Erolcha
  7158 | D:8      | Reached XP level 10. HP: 82/90 MP: 9/9
  7180 | D:8      | Acquired Okawaru's second power
  7180 | D:8      | Reached skill level 10 in Shields
  7267 | D:8      | Killed Erolcha
  7284 | D:8      | Reached skill level 1 in Invocations
  7338 | D:8      | Noticed Maurice
  7356 | D:8      | Killed Maurice
  7459 | D:8      | Found a shimmering altar of Xom.
  7703 | D:8      | Identified the Collected Works on Confrontation and Flames
  7762 | Lair:1   | Entered Level 1 of the Lair of Beasts
  7811 | Lair:1   | Received a gift from Okawaru
  8032 | D:8      | Reached skill level 10 in Axes
  8171 | Lair:1   | Noticed a queen ant
  8179 | Lair:1   | Killed a queen ant
  8179 | Lair:1   | Reached skill level 11 in Shields
  8295 | Lair:1   | Reached XP level 11. HP: 83/99 MP: 10/10
  8376 | Lair:1   | Received a gift from Okawaru
  8376 | Lair:1   | Reached skill level 10 in Fighting
  8390 | Lair:1   | Got a crude broad axe {god gift}
  8391 | Lair:1   | Identified the +6 broad axe "Maunwys" {chop, Int+4} (Okawaru gifted it to you on level 1 of the Lair of Beasts)
  8432 | Lair:1   | Reached skill level 10 in Armour
  8889 | Lair:1   | Learned a level 1 spell: Summon Butterflies
  8991 | Lair:2   | Noticed Erica
  9008 | Lair:2   | Killed Erica
  9008 | Lair:2   | Reached skill level 1 in Crossbows
  9051 | Lair:2   | Noticed a four-headed hydra
  9061 | Lair:2   | Killed a one-headed hydra
  9068 | Lair:2   | Noticed a six-headed hydra
  9075 | Lair:2   | Killed a two-headed hydra
  9075 | Lair:2   | Received a gift from Okawaru
  9075 | Lair:2   | Reached skill level 12 in Shields
  9081 | Lair:2   | Got a faintly glowing broad axe {god gift}
  9082 | Lair:2   | Identified the +4 broad axe of the Salmon {chop, +Rage Int+4} (Okawaru gifted it to you on level 2 of the Lair of Beasts)
  9241 | Lair:2   | You fall through a shaft for 2 floors!
  9437 | Lair:4   | Found a frozen archway.
  9444 | Lair:4   | Reached XP level 12. HP: 75/108 MP: 11/11
  9544 | Lair:4   | Noticed a five-headed hydra
  9591 | Lair:4   | Killed a one-headed hydra
  9591 | Lair:4   | Received a gift from Okawaru
  9721 | Lair:4   | Noticed a six-headed hydra
  9729 | Lair:4   | Killed a three-headed hydra
  9729 | Lair:4   | Reached skill level 5 in Crossbows
  9885 | Lair:4   | Found a staircase to the Shoals.
 10049 | Lair:4   | Reached skill level 13 in Shields
 10327 | Shoals:1 | Entered Level 1 of the Shoals
 10458 | Lair:5   | Received a gift from Okawaru
 10648 | Lair:5   | Noticed a four-headed hydra
 10648 | Lair:5   | Noticed an eight-headed hydra
 10659 | Lair:5   | Killed a one-headed hydra
 10666 | Lair:5   | Killed a four-headed hydra
 10748 | Lair:5   | Received a gift from Okawaru
 11024 | Lair:5   | Received a gift from Okawaru
 11317 | Lair:6   | Received a gift from Okawaru
 11318 | Lair:6   | Reached XP level 13. HP: 47/117 MP: 13/13
 11338 | Lair:6   | HP: 5/117 [blink frog (9)]
 12099 | Lair:6   | Found a hole to the Spider Nest.
 12914 | Lair:7   | Reached skill level 14 in Axes
 12921 | Lair:7   | Received a gift from Okawaru
 12930 | Lair:7   | Killed from afar by a fire drake

Vault maps used:
D:1:      arrival_zaba_pyramid
D:2:      lightli_temple_of_fire, first_bread, tgw_kikubaaqudgha
D:3:      overflow_temple_1_default
D:4:      grunt_qazlal_clouds, minmay_temple_entry_glassed_door,
          kennysheep_generic_room_9, uniq_menkaure, uniq_blork_the_orc,
          uniq_eustachio
D:5:      nicolae_overflow_hidden_temple
D:6:      lemuel_slime, cheibrodos_worm_habitat, serial_co_window_serial,
          co_window_corner_a, co_window_paths_a, co_window_paths_b,
          co_window_paths_a, co_window_paths_b, co_window_broadway_b,
          co_window_paths_c, co_window_broadway_a, co_window_of_opportunity_c,
          co_window_corner_b, co_window_paths_e, glass_columns_a,
          glass_columns_c, glass_columns_a
D:7:      grunt_ogre_cave, uniq_joseph, uniq_pikel
D:8:      tgw_xom, lair_0_dummy, uniq_erolcha, uniq_maurice
Temple:   eino_temple_water_12
Lair:1:   wad_woods_antlair
Lair:2:   serial_bayou_shore_a, infiniplex_staircase_pool_2, uniq_erica
Lair:4:   beast_lair_carwin_large_2, elwin_shoals_entry_stream,
          portal_ice_cave_entry_ice_beasts, columned_hall_lemuel
Lair:5:   minmay_holes
Lair:6:   nicolae_spider_entry_orb_guardian, lemuel_fruit_tree
Lair:7:   minmay_slime_entry_jelly_boxes, beast_lair_carwin_5,
          lemuel_fruit_fields, grunt_megastairs_2

Action                   |  1- 3 |  4- 6 |  7- 9 | 10-12 | 13-15 || total
-------------------------+-------+-------+-------+-------+-------++-------
Melee: War axe           |    91 |    75 |    90 |       |       ||   256
       Broad axe         |       |       |   267 |   429 |   116 ||   812
       Scimitar          |       |       |       |    43 |       ||    43
       Battleaxe         |       |       |       |     7 |       ||     7
       Executioner's axe |       |       |       |       |    30 ||    30
 Fire: Arbalest          |       |       |       |     1 |       ||     1
Invok: Heroism           |       |     1 |     1 |     3 |     1 ||     6
 Abil: Breathe Fire      |       |       |     1 |     1 |       ||     2
  Use: Potion            |       |     1 |     2 |     2 |     5 ||    10
       Scroll            |       |    13 |    10 |    11 |     1 ||    35
  Eat: Chunk             |     2 |     2 |     3 |     5 |     2 ||    14
       Meat ration       |       |     1 |       |       |       ||     1
       Bread ration      |       |       |     2 |     1 |     2 ||     5
       Beef jerky        |       |       |       |     1 |       ||     1
       Royal jelly       |       |       |       |     1 |       ||     1
       Fruit             |       |       |       |     5 |       ||     5
